 Dungeon Crawl Stone Soup version 0.27.1-2-g3b301248ec (webtiles) character file.

Game seed: 11733932991968349798

165 H0rd4k the Charlatan (level 5, -1/38 HPs)
             Began as a Human Artificer on Sept 27, 2021.
             Was an Initiate of Gozag.
             Slain by Ijyb (6 damage)
             ... on level 4 of the Dungeon.
             The game lasted 00:05:01 (4116 turns).

H0rd4k the Charlatan (Human Artificer)              Turns: 4116, Time: 00:05:02

Health: -1/38      AC:  5    Str: 13    XL:     5   Next: 74%
Magic:  5/5        EV: 12    Int: 11    God:    Gozag
Gold:   165        SH:  0    Dex: 14    Spells: 4/4 levels left

rFire    . . .     SeeInvis .   v - +3 hand axe (flame)
rCold    . . .     Faith    .   (no shield)
rNeg     . . .     Spirit   .   b - +0 leather armour
rPois    .         Reflect  .   (no helmet)
rElec    .         Harm     .   (no cloak)
rCorr    .         Rampage  .   (no gloves)
Will     .....                  n - +1 pair of boots
Stlth    ++........             (no amulet)
HPRegen  0.12/turn              (no ring)
MPRegen  0.09/turn              (no ring)

@: no status effects
A: no striking features
a: Renounce Religion, Potion Petition, Call Merchant, Bribe Branch


You were on level 4 of the Dungeon.
You worshipped Gozag.
Gozag was aware of your devotion.
You visited 1 branch of the dungeon, and saw 4 of its levels.

You collected 195 gold pieces.
You paid 30 gold pieces to Gozag.

Inventory:

Hand Weapons
 i - a +0 hunting sling
 j - a +0 dagger
 v - a +3 hand axe of flaming (weapon)
 w - a +4 mace
Missiles
 a - 25 sling bullets
Armour
 b - a +0 leather armour (worn)
 n - a +1 pair of boots (worn)
Jewellery
 u - a ring of protection from cold
Wands
 c - a wand of flame (1) (quivered)
 d - a wand of charming (14)
Scrolls
 g - 2 scrolls of summoning {unknown}
 l - 2 scrolls of noise {unknown}
 m - 3 scrolls of identify {unknown}
 p - a scroll of blinking {unknown}
 r - a scroll of teleportation {unknown}
 s - a scroll of silence {unknown}
 t - a scroll of fear {unknown}
Potions
 f - 4 potions of curing {unknown}
 h - 2 potions of cancellation {unknown}
 k - 3 potions of lignification {unknown}
 o - a potion of magic {unknown}
 q - a potion of berserk rage {unknown}
Miscellaneous
 e - a piece from Xom's chessboard (15/15)


   Skills:
 + Level 1.7 Fighting
 + Level 2.0 Short Blades
 + Level 0.4 Maces & Flails
 + Level 0.3 Slings
 + Level 2.7 Armour
 + Level 2.3 Dodging
 + Level 1.4 Stealth
 + Level 4.0 Evocations


You had 4 spell levels left.
You didn't know any spells.
Your spell library contained the following spells:

 Spells                   Type           Power      Damage    Failure   Level
 Magic Dart               Conj           0%         1d3       41%         1
 Searing Ray              Conj           0%         3d3       56%         2
 Ozocubu's Armour         Ice            0%         N/A       80%         3
 Fulminant Prism          Conj/Hex       0%         3d6       99%         4
 Ozocubu's Refrigeration  Ice            0%         4d5       100%        7


Dungeon Overview and Level Annotations

Branches:
Dungeon (4/15)
 Temple: D:4-7

Altars:
Cheibriados
Gozag
Nemelex Xobeh
Trog
Uskayaw
Wu Jian
The Shining One

Annotations:
D:3 exclusion: downstairs
D:4 1 runed translucent door, exclusion: door, Crazy Yiuf, Ijyb


Message History

Ijyb is heavily wounded.
Ijyb hits you but does no damage.
You barely miss Ijyb.
Ijyb is heavily wounded.
Ijyb screams, "No!
No, no, no, no!"
Ijyb hits you with a +0 dagger.
* * * LOW HITPOINT WARNING * * *
You hit Ijyb but do no damage.
Ijyb is heavily wounded.
Ijyb hits you with a +0 dagger.
* * * LOW HITPOINT WARNING * * *
Ijyb screams, "Me kill you!" Ijyb hits you but does no damage.
Your leather armour prevents you from hitting Ijyb.
Ijyb is moderately wounded.
Ijyb closely misses you.
You hit Ijyb. You burn Ijyb.
Ijyb is severely wounded.
Ijyb hits you with a +0 dagger.
* * * LOW HITPOINT WARNING * * *
You completely miss Ijyb.
Ijyb is severely wounded.
Ijyb hits you with a +0 dagger.
* * * LOW HITPOINT WARNING * * *
You hit Ijyb.
Ijyb is severely wounded.
Ijyb barely misses you. Ijyb hits you with a +0 dagger.
* * * LOW HITPOINT WARNING * * *
You hit Ijyb. You burn Ijyb.
Ijyb is almost dead.
Ijyb barely misses you.
You closely miss Ijyb.
Ijyb is almost dead.
Ijyb barely misses you.
You closely miss Ijyb.
Ijyb is almost dead.
Ijyb screams, "It's all mine!"
Ijyb barely misses you. Ijyb hits you with a +0 dagger.
You die...
Your body crumbles into a pile of gold.

.................##### #...
.....................## #.#.
...(..................# #.#.
........##............# #.#.
......................# #.#.
........)......#$$...# #.#.
...............#.....# #.#.
...............#.....# #.#.
...............#@....#########.#.
...............$g..............#.
.........................#######.
.........................# #.
.........................# #.
....g...............###### #.
..g..B#+###..........##.. # #.
.B.##.#......[.......##.###.# #.
...##.g........#.....##...#.# #.


You could see Ijyb.

Vanquished Creatures
  An iguana (D:4)
  6 adders
  3 dart slugs
  2 orcs (D:4)
  3 endoplasms
  3 giant cockroaches
  7 goblins
  9 hobgoblins
  6 jackals (D:3)
  5 kobolds
  2 quokkas (D:1)
  6 ball pythons
  8 bats
  2 frilled lizards (D:3)
  5 rats
68 creatures vanquished.

Vanquished Creatures (collateral kills)
  An adder (D:4)
  A worm (D:4)
  A giant cockroach (D:4)
3 creatures vanquished.

Vanquished Creatures (others)
  9 plants (D:3)
9 creatures vanquished.

Grand Total: 80 creatures vanquished

Notes
Turn   | Place    | Note
-------+----------+-------------------------------------------
     0 | D:1      | H0rd4k the Human Artificer began the quest for the Orb.
     0 | D:1      | Reached XP level 1. HP: 15/15 MP: 1/1
   262 | D:1      | Reached XP level 2. HP: 10/21 MP: 2/2
   618 | D:1      | Found a faded altar of an unknown god.
  1080 | D:1      | Reached XP level 3. HP: 25/26 MP: 3/3
  2211 | D:2      | Reached XP level 4. HP: 29/32 MP: 4/4
  2694 | D:3      | Reached skill level 1 in Short Blades
  2694 | D:3      | Found a bloodstained altar of Trog.
  2694 | D:3      | Found a snail-covered altar of Cheibriados.
  2694 | D:3      | Found an ornate altar of the Wu Jian Council.
  3072 | D:3      | Found a sparkling altar of Nemelex Xobeh.
  3275 | D:3      | Found an opulent altar of Gozag.
  3275 | D:3      | Found a hide-covered altar of Uskayaw.
  3279 | D:3      | Found a glowing golden altar of the Shining One.
  3378 | D:3      | Reached XP level 5. HP: 37/37 MP: 5/5
  3421 | D:3      | Became a worshipper of Gozag Ym Sagoz the Greedy
  3716 | D:4      | Found a runed translucent door.
  3717 | D:4      | Noticed Crazy Yiuf
  3856 | D:4      | Noticed an ogre
  3883 | D:4      | Reached skill level 4 in Evocations
  3959 | D:4      | Noticed Ijyb
  4116 | D:4      | Slain by Ijyb

Illustrated notes

Levels and vault maps discovered:
D:1:      wheals_arrival_shading, layout_rooms,
          hellmonk_ecumenical_altar_blasted
D:2:      layout_loops_cross
D:3:      layout_loops_cross, chequers_temple_overflow_statue_of_worship,
          nemelex_diamond_rough_becter, minitemple, hangedman_decor_push,
          serial_bayou_lake_a
D:4:      kennysheep_the_goblin_king, layout_basic, kennysheep_mini,
          uniq_crazy_yiuf_cottage, uniq_edmund

Skill      XL: |  1  2  3  4  5 |
---------------+----------------+-----
Short Blades   | 1 2 |  2.0
Dodging        | 2 |  2.3
Evocations     | 4 |  4.0
Fighting       | |  1.7
Maces & Flails | |  0.4
Slings         | |  0.3
Armour         | |  2.7
Stealth        | |  1.4

Action                   |  1- 3 |  4- 6 || total
-------------------------+-------+-------++-------
Melee: Club              |    67 |       ||    67
       Dagger            |   106 |   178 ||   284
       Hand axe          |       |    45 ||    45
 Fire: Hunting sling     |     4 |       ||     4
Evoke: Wand              |     3 |    12 ||    15
 Stab: Sleeping          |       |     2 ||     2
Armor: Leather armour    |    72 |   100 ||   172
Dodge: Dodged            |   124 |   152 ||   276
